 Dungeon Crawl Stone Soup version 0.24-a0-500-g46574c2197 (webtiles) character file.

Game seed: 868624253749339922

47 Gynju the Conjurer (level 3, -4/19 HPs)
             Began as a Gargoyle Conjurer on July 15, 2019.
             Slain by a gnoll
             ... wielding a +0 flail
              (11 damage)
             ... on level 1 of the Dungeon.
             The game lasted 00:02:42 (1588 turns).

Gynju the Conjurer (Gargoyle Conjurer)              Turns: 1588, Time: 00:02:42

Health: -4/19      AC:  6    Str: 11    XL:     3   Next: 70%
Magic:  5/6        EV: 11    Int: 16    God:
Gold:   37         SH:  0    Dex: 10    Spells: 4/7 levels left

rFire    . . .     SeeInvis .   d - +0 whip
rCold    . . .     Gourm    .   (no shield)
rNeg     + . .     Faith    .   k - +0 leather armour
rPois    ∞         Spirit   .   (no helmet)
rElec    +         Reflect  .   (no cloak)
rCorr    .         Harm     .   (no gloves)
MR       .....                  (no boots)
Stlth    ++........             (no amulet)
HPRegen  0.06/turn              (no ring)
MPRegen  0.10/turn              (no ring)

@: no status effects
A: negative energy resistance 1, electricity resistance, unbreathing,
petrification resistance, rot immunity, AC +3
a: no special abilities


You were on level 1 of the Dungeon.
You were not hungry.

You visited 1 branch of the dungeon, and saw 2 of its levels.

You collected 37 gold pieces.

Inventory:

Hand Weapons
 d - a +0 whip (weapon)
Missiles
 e - 21 sling bullets
 f - 39 stones (quivered)
Armour
 k - a +0 leather armour (worn)
Scrolls
 a - a scroll of random uselessness {unknown}
 g - a scroll of immolation {unknown}
 i - a scroll of blinking {unknown}
 l - a scroll of enchant armour {unknown}
 m - 2 scrolls of identify {unknown}
Potions
 b - a potion of might {unknown}
 h - a potion of resistance {unknown}
 j - a potion of mutation {unknown}
 o - a potion of brilliance {unknown}
Comestibles
 c - a ration


   Skills:
 - Level 1.5 Dodging
 - Level 2.1 Stealth
 + Level 2.6 Spellcasting
 * Level 5.4 Conjurations


You had 4 spell levels left.
You knew the following spells:

 Your Spells              Type           Power        Failure   Level  Hunger
a - Magic Dart            Conj           ###.         2%          1    #......
b - Searing Ray           Conj           ###...       4%          2    ##.....

Your spell library contained the following spells:

 Spells                   Type           Power        Failure   Level  Hunger
 Dazzling Spray           Conj/Hex       ##....       26%         3    ###....
 Iskenderun's Mystic Bla  Conj           ###.....     28%         4    #####..
 Force Lance              Conj/Tloc      ##......     63%         4    #####..
 Fulminant Prism          Conj/Hex       ##........   63%         4    #####..


Dungeon Overview and Level Annotations

Branches:
Dungeon (2/15)

Altars:
Hepliaklqana


Innate Abilities, Weirdness & Mutations

You are resistant to torment.
Your stone body is resilient. (AC +3)
You are immune to poison.
You resist negative energy. (rN+)
You are resistant to electric shocks. (rElec)
You can survive without breathing.
You are immune to petrification.
You are immune to rotting.


Message History

Done exploring.
You climb downwards.
The bat hits you but does no damage.
There is a stone staircase leading up here.
You see here a +0 robe.
The bat hits you. The bat hits you but does no damage.
The bat hits you but does no damage. The gnoll hits you with a +0 flail!
Ouch! That really hurt!
You climb upwards.
Your magical contamination has completely faded away.
There is a stone staircase leading down here.
Casting: Magic Dart (safe; 2% risk of failure)
Confirm with . or Enter, or press ? or * to list all spells.
Aiming: Magic Dart (safe; 2% risk of failure)
Press: ? - help, Shift-Dir - straight line, f - bat
Aim: a bat The magic dart hits the bat.
You kill the bat!
The gnoll hits you with a +0 flail!
Ouch! That really hurt!
You die...

..### ##.###.##.##.##......
....## #..# #.##.##.###.....
.##..#### #.## #.##..#.# ##....
####....#####.####.###.#.# #####
####..................#
#####..####.####...####### #.##
#..# ##........# #
######.####.######...#....#
######.........#@##....÷....####
...............#g...###...###
..................### #...#
...............#.## #...#
.................# #...#
...............### #####
...............#
...............#
#..............#


You could see a gnoll.

Vanquished Creatures
  A gnoll (D:1)
  An ooze (D:2)
  2 dart slugs (D:1)
  A leopard gecko (D:1)
  3 bats
  A giant cockroach (D:2)
  3 goblins (D:1)
  2 hobgoblins (D:1)
  A kobold (D:1)
  A quokka (D:2)
  A frilled lizard (D:1)
  15 rats
32 creatures vanquished.

Notes
Turn   | Place    | Note
-------+----------+-------------------------------------------
     0 | D:1      | Gynju the Gargoyle Conjurer began the quest for the Orb.
     0 | D:1      | Reached XP level 1. HP: 10/10 MP: 3/3
   306 | D:1      | Reached XP level 2. HP: 10/15 MP: 1/5
   646 | D:1      | Reached skill level 5 in Conjurations
   752 | D:1      | Reached XP level 3. HP: 19/19 MP: 2/6
  1195 | D:2      | Found a hazy altar of Hepliaklqana.
  1485 | D:2      | Learned a level 2 spell: Searing Ray
  1588 | D:1      | Slain by a gnoll

Levels and vault maps discovered:
D:1:      erik_arrival_orb_chamber, layout_rooms, minmay_pentomino_r2
D:2:      layout_loops_cross, lemuel_crystal_altar,
          chequers_ecumenical_altar_island, first_ration, minmay_door_square,
          kennysheep_generic_room_9

Skill      XL: |  1  2 |
---------------+-------+-----
Conjurations   | 5 |  5.4
Dodging        | |  1.5
Stealth        | |  2.1
Spellcasting   | |  2.6

Action                   || total
-------------------------++-------
Melee: Whip              ||    21
 Cast: Magic Dart        ||    55
  Eat: Chunk             ||     3
Armor: Robe              ||     3
       Leather armour    ||    23
Dodge: Dodged            ||    49

Table legend:
 A = Non-vault XP
 B = Vault XP
 C = Vault XP percentage of total XP
 D = Non-vault monster count
 E = Vault monster count
 F = Vault count percentage of total count
                 A         B        C        D         E       F
            +---------+---------+-------+---------+---------+-------
      Total |      56 |      12 |  17.6 |      20 |      12 |  37.5
            +---------+---------+-------+---------+---------+-------
        D:1 |      43 |      12 |  21.8 |      15 |      12 |  44.4
        D:2 |      13 |       0 |   0.0 |       5 |       0 |   0.0
            +---------+---------+-------+---------+---------+-------
